[ AOE2 MATCH · #457998317 ]
1v1 RMJurchens vs Mapuche
Player's team · WIN
Rival team · LOSS
[ REPLAY ANALYSIS · EXTRACTED FROM THE RECORDED GAME ]
Feudal
10:01
Castle
21:48
Imperial
42:24
| APM avg | 39.5 |
| APM peak | 79 |
| eAPM avg | 23.6 |
| Villagers / military | 147 / 132 |
Focus
⚔️ 20.5% · 🌾 79.5%
Scout Cavalry ×61 · Steppe Lancer ×35 · Fire Lancer ×20 · Unknown (1911) ×10 · Iron Pagoda ×7 · Unknown (1908) ×5
Feudal
9:21
Castle
22:57
Imperial
40:20
| APM avg | 32.2 |
| APM peak | 73 |
| eAPM avg | 19.3 |
| Villagers / military | 185 / 97 |
Focus
⚔️ 28.4% · 🌾 71.6%
Kona ×31 · Petard ×31 · Spearman ×24 · Unknown (2550) ×21 · Bolas Rider ×7 · Trebuchet (Packed) ×4
Match map
Initial resources + every placement click. Lines = walls · curves = elevation contours. ◆ gold · ⬟ stone · ● berries · ✦ relic · ◌ wall gap
Inputs per minute
— kacperowski - - [MW'] Tm0
Build order — kacperowski
First 150 of 422 actions detected
| 0:00 | Create | Villager (Male) |
| 0:00 | Create | Villager (Male) |
| 0:01 | Create | Villager (Male) |
| 0:02 | Build | House |
| 0:03 | Build | House |
| 0:47 | Create | Villager (Male) |
| 1:30 | Create | Villager (Male) |
| 1:43 | Build | Lumber Camp |
| 2:11 | Create | Villager (Male) |
| 2:11 | Create | Villager (Male) |
| 2:29 | Create | Villager (Male) |
| 3:16 | Create | Villager (Male) |
| 3:23 | Build | House |
| 3:48 | Create | Villager (Male) |
| 4:18 | Create | Villager (Male) |
| 4:42 | Create | Villager (Male) |
| 5:09 | Create | Villager (Male) |
| 5:09 | Create | Villager (Male) |
| 5:12 | Build | Mill |
| 5:13 | Build | House |
| 6:03 | Create | Villager (Male) |
| 6:25 | Create | Villager (Male) |
| 6:35 | Create | Villager (Male) |
| 6:35 | Research | Loom |
| 7:51 | Research | Feudal Age |
| 7:55 | Build | Barracks |
| 8:07 | Build | Lumber Camp |
| 8:54 | Build | House |
| 9:27 | Create | Villager (Male) |
| 10:01 | Age | Feudal Age |
| 10:06 | Build | Stable |
| 10:09 | Create | Villager (Male) |
| 10:40 | Create | Villager (Male) |
| 10:43 | Research | Double-Bit Axe |
| 10:55 | Create | Scout Cavalry |
| 10:55 | Create | Scout Cavalry |
| 11:04 | Create | Villager (Male) |
| 11:09 | Build | House |
| 11:11 | Build | Palisade Wall |
| 11:16 | Build | Palisade Wall |
| 11:33 | Create | Scout Cavalry |
| 11:39 | Create | Villager (Male) |
| 12:26 | Create | Villager (Male) |
| 12:26 | Create | Villager (Male) |
| 12:37 | Create | Scout Cavalry |
| 12:39 | Build | Farm |
| 12:39 | Build | Farm |
| 12:40 | Build | Farm |
| 13:20 | Create | Villager (Male) |
| 13:20 | Create | Villager (Male) |
| 13:37 | Create | Villager (Male) |
| 13:38 | Build | Farm |
| 13:39 | Build | Farm |
| 13:40 | Build | Farm |
| 13:42 | Build | Farm |
| 13:44 | Build | Farm |
| 13:45 | Build | House |
| 13:48 | Build | Palisade Wall |
| 13:49 | Create | Villager (Male) |
| 13:51 | Build | House |
| 13:56 | Create | Scout Cavalry |
| 13:57 | Create | Scout Cavalry |
| 14:01 | Build | Farm |
| 14:03 | Build | Farm |
| 14:05 | Build | House |
| 14:10 | Build | Market |
| 14:16 | Build | Palisade Wall |
| 14:24 | Create | Villager (Male) |
| 14:38 | Build | Farm |
| 14:41 | Build | Farm |
| 14:43 | Build | Farm |
| 14:45 | Build | Farm |
| 14:47 | Build | Farm |
| 14:51 | Create | Villager (Male) |
| 15:08 | Build | House |
| 15:18 | Build | Palisade Wall |
| 15:21 | Build | House |
| 15:23 | Build | House |
| 15:29 | Create | Villager (Male) |
| 15:33 | Build | House |
| 15:35 | Build | Palisade Wall |
| 15:52 | Build | Palisade Wall |
| 16:05 | Create | Villager (Male) |
| 16:17 | Create | Villager (Male) |
| 16:21 | Build | Palisade Wall |
| 16:27 | Build | Mining Camp |
| 16:28 | Build | House |
| 16:30 | Build | Palisade Wall |
| 16:37 | Build | House |
| 16:51 | Build | House |
| 17:03 | Create | Villager (Male) |
| 17:43 | Create | Villager (Male) |
| 17:51 | Build | House |
| 17:55 | Build | House |
| 17:56 | Build | House |
| 17:59 | Build | Palisade Wall |
| 18:00 | Build | Palisade Wall |
| 18:12 | Create | Villager (Male) |
| 18:54 | Build | Palisade Wall |
| 18:57 | Build | Palisade Wall |
| 19:08 | Research | Castle Age |
| 19:31 | Research | Gold Mining |
| 19:34 | Research | Horse Collar |
| 20:17 | Build | Stable |
| 21:27 | Create | Villager (Male) |
| 21:48 | Age | Castle Age |
| 21:49 | Create | Steppe Lancer |
| 21:52 | Create | Steppe Lancer |
| 22:04 | Build | Town Center |
| 22:18 | Build | Town Center |
| 22:25 | Create | Steppe Lancer |
| 22:27 | Create | Steppe Lancer |
| 22:35 | Create | Villager (Male) |
| 22:37 | Create | Villager (Male) |
| 22:49 | Research | Husbandry |
| 22:52 | Create | Steppe Lancer |
| 23:24 | Create | Villager (Male) |
| 23:26 | Build | Archery Range |
| 23:52 | Create | Steppe Lancer |
| 23:54 | Create | Villager (Male) |
| 23:54 | Create | Villager (Male) |
| 23:56 | Create | Villager (Male) |
| 23:57 | Create | Villager (Male) |
| 23:57 | Create | Villager (Male) |
| 23:59 | Create | Villager (Male) |
| 24:05 | Build | Palisade Wall |
| 24:47 | Create | Villager (Male) |
| 24:47 | Create | Villager (Male) |
| 24:50 | Create | Unit 1911 |
| 24:50 | Create | Unit 1911 |
| 24:53 | Research | Bloodlines |
| 24:56 | Create | Steppe Lancer |
| 25:25 | Create | Villager (Male) |
| 25:28 | Create | Villager (Male) |
| 25:28 | Create | Villager (Male) |
| 25:31 | Build | Farm |
| 25:34 | Build | Farm |
| 25:47 | Create | Unit 1911 |
| 26:10 | Create | Villager (Male) |
| 26:11 | Create | Villager (Male) |
| 26:15 | Build | Farm |
| 26:16 | Build | Farm |
| 26:21 | Create | Villager (Male) |
| 26:22 | Create | Villager (Male) |
| 26:32 | Create | Unit 1911 |
| 26:35 | Create | Villager (Male) |
| 26:37 | Create | Villager (Male) |
| 26:48 | Create | Villager (Male) |
| 26:49 | Create | Villager (Male) |
| 26:50 | Create | Villager (Male) |
Build order — [MW'] Tm0
First 150 of 446 actions detected
| 0:01 | Create | Villager (Male) |
| 0:02 | Create | Villager (Male) |
| 0:02 | Create | Villager (Male) |
| 0:02 | Create | Villager (Male) |
| 0:02 | Create | Villager (Male) |
| 0:05 | Build | House |
| 0:07 | Build | House |
| 1:33 | Create | Villager (Male) |
| 1:33 | Create | Villager (Male) |
| 2:05 | Create | Villager (Male) |
| 2:14 | Create | Villager (Male) |
| 2:15 | Create | Villager (Male) |
| 2:18 | Build | Settlement |
| 2:42 | Create | Villager (Male) |
| 3:03 | Create | Villager (Male) |
| 3:29 | Create | Villager (Male) |
| 3:38 | Create | Villager (Male) |
| 4:39 | Create | Villager (Male) |
| 4:39 | Create | Villager (Male) |
| 4:39 | Create | Villager (Male) |
| 5:31 | Create | Villager (Male) |
| 5:59 | Create | Villager (Male) |
| 6:27 | Research | Loom |
| 6:42 | Build | Settlement |
| 7:11 | Research | Feudal Age |
| 7:11 | Research | Feudal Age |
| 7:50 | Build | Barracks |
| 8:14 | Build | Farm |
| 8:55 | Build | Settlement |
| 9:01 | Create | Villager (Male) |
| 9:06 | Create | Unit 2550 |
| 9:07 | Create | Unit 2550 |
| 9:21 | Age | Feudal Age |
| 9:28 | Create | Unit 2550 |
| 9:30 | Create | Villager (Male) |
| 9:43 | Build | Farm |
| 9:50 | Research | Tech 1402 |
| 10:03 | Build | Farm |
| 10:16 | Build | Farm |
| 10:28 | Create | Villager (Male) |
| 10:50 | Create | Villager (Male) |
| 10:56 | Build | House |
| 11:07 | Create | Spearman |
| 11:18 | Create | Villager (Male) |
| 11:22 | Build | Farm |
| 11:41 | Create | Villager (Male) |
| 11:42 | Create | Villager (Male) |
| 12:01 | Create | Villager (Male) |
| 12:03 | Create | Spearman |
| 12:04 | Create | Spearman |
| 12:14 | Build | Farm |
| 12:16 | Build | Farm |
| 12:18 | Build | Farm |
| 12:28 | Create | Spearman |
| 12:31 | Create | Unit 2550 |
| 12:36 | Create | Spearman |
| 12:36 | Create | Spearman |
| 12:39 | Build | House |
| 12:51 | Create | Villager (Male) |
| 12:52 | Create | Villager (Male) |
| 13:06 | Build | Farm |
| 13:09 | Build | Farm |
| 13:30 | Create | Spearman |
| 13:32 | Research | Double-Bit Axe |
| 13:33 | Create | Villager (Male) |
| 13:33 | Create | Villager (Male) |
| 13:34 | Build | Farm |
| 13:39 | Build | Palisade Wall |
| 13:41 | Build | Palisade Wall |
| 13:43 | Build | Palisade Wall |
| 13:47 | Create | Villager (Male) |
| 13:58 | Create | Unit 2550 |
| 14:04 | Build | Farm |
| 14:23 | Build | Blacksmith |
| 14:24 | Create | Villager (Male) |
| 14:45 | Create | Villager (Male) |
| 14:53 | Create | Unit 2550 |
| 15:40 | Create | Villager (Male) |
| 15:41 | Create | Villager (Male) |
| 15:45 | Build | House |
| 15:55 | Research | Scale Mail Armor |
| 16:02 | Build | House |
| 17:04 | Create | Villager (Male) |
| 17:06 | Create | Unit 2550 |
| 17:22 | Build | House |
| 17:24 | Research | Forging |
| 17:26 | Create | Villager (Male) |
| 17:27 | Create | Villager (Male) |
| 17:30 | Build | Farm |
| 17:30 | Build | Farm |
| 17:31 | Build | Farm |
| 17:31 | Build | Farm |
| 17:31 | Build | Farm |
| 17:31 | Build | Farm |
| 18:08 | Create | Villager (Male) |
| 18:12 | Create | Unit 2550 |
| 18:12 | Create | Unit 2550 |
| 18:24 | Build | House |
| 18:29 | Build | Palisade Wall |
| 19:19 | Create | Villager (Male) |
| 19:22 | Build | Archery Range |
| 20:17 | Research | Castle Age |
| 20:17 | Research | Castle Age |
| 20:34 | Build | Settlement |
| 20:45 | Build | Barracks |
| 20:48 | Build | Barracks |
| 21:02 | Build | Farm |
| 21:02 | Build | Farm |
| 21:03 | Build | Farm |
| 21:11 | Research | Horse Collar |
| 21:11 | Create | Spearman |
| 21:12 | Create | Spearman |
| 21:12 | Create | Spearman |
| 21:12 | Create | Spearman |
| 21:12 | Create | Spearman |
| 21:17 | Create | Unit 2550 |
| 21:17 | Create | Unit 2550 |
| 21:17 | Create | Unit 2550 |
| 21:24 | Build | House |
| 21:26 | Build | House |
| 21:55 | Create | Unit 2550 |
| 21:56 | Create | Unit 2550 |
| 21:58 | Create | Spearman |
| 21:59 | Create | Spearman |
| 21:59 | Create | Spearman |
| 22:01 | Research | Gold Mining |
| 22:07 | Build | House |
| 22:07 | Build | House |
| 22:09 | Build | House |
| 22:18 | Build | Settlement |
| 22:27 | Create | Unit 2550 |
| 22:27 | Create | Unit 2550 |
| 22:28 | Create | Unit 2550 |
| 22:34 | Create | Villager (Male) |
| 22:34 | Create | Villager (Male) |
| 22:57 | Age | Castle Age |
| 23:09 | Build | Palisade Wall |
| 23:30 | Build | Market |
| 23:34 | Build | House |
| 23:52 | Build | Town Center |
| 24:23 | Research | Tech 1351 |
| 24:24 | Create | Unit 2550 |
| 24:24 | Create | Unit 2550 |
| 24:27 | Build | House |
| 24:28 | Build | House |
| 24:30 | Build | Palisade Wall |
| 24:56 | Create | Unit 2550 |
| 24:56 | Create | Unit 2550 |
| 25:16 | Create | Villager (Male) |
| 25:16 | Create | Villager (Male) |
Match timeline
| 7:50 | [MW'] Tm0 · first_building Barracks |
| 7:55 | kacperowski · first_building Barracks |
| 9:21 | [MW'] Tm0 · age_up feudal |
| 10:01 | kacperowski · age_up feudal |
| 10:06 | kacperowski · first_building Stable |
| 11:11 | kacperowski · wall_segment Palisade Wall x1 |
| 11:16 | kacperowski · wall_segment Palisade Wall x6 |
| 13:39 | [MW'] Tm0 · wall_segment Palisade Wall x1 |
| 13:41 | [MW'] Tm0 · wall_segment Palisade Wall x1 |
| 13:43 | [MW'] Tm0 · wall_segment Palisade Wall x1 |
| 13:48 | kacperowski · wall_segment Palisade Wall x7 |
| 14:16 | kacperowski · wall_segment Palisade Wall x1 |
| 15:18 | kacperowski · wall_segment Palisade Wall x1 |
| 15:35 | kacperowski · wall_segment Palisade Wall x11 |
| 15:52 | kacperowski · wall_segment Palisade Wall x1 |
| 16:21 | kacperowski · wall_segment Palisade Wall x1 |
| 16:30 | kacperowski · wall_segment Palisade Wall x1 |
| 17:59 | kacperowski · wall_segment Palisade Wall x1 |
| 18:00 | kacperowski · wall_segment Palisade Wall x1 |
| 18:29 | [MW'] Tm0 · wall_segment Palisade Wall x7 |
| 18:54 | kacperowski · wall_segment Palisade Wall x1 |
| 18:57 | kacperowski · wall_segment Palisade Wall x1 |
| 19:22 | [MW'] Tm0 · first_building Archery Range |
| 21:48 | kacperowski · age_up castle |
| 22:57 | [MW'] Tm0 · age_up castle |
| 23:09 | [MW'] Tm0 · wall_segment Palisade Wall x1 |
| 23:26 | kacperowski · first_building Archery Range |
| 24:05 | kacperowski · wall_segment Palisade Wall x1 |
| 24:30 | [MW'] Tm0 · wall_segment Palisade Wall x1 |
| 26:19 | kacperowski · first_market_buy 100 food |
| 26:46 | kacperowski · first_market_sell 100 wood |
| 28:15 | [MW'] Tm0 · first_building Castle |
| 29:04 | [MW'] Tm0 · first_market_buy 100 stone |
| 29:47 | kacperowski · first_building Siege Workshop |
| 32:11 | kacperowski · first_building Monastery |
| 33:05 | [MW'] Tm0 · first_market_sell 100 food |
| 35:57 | kacperowski · first_building Castle |
| 40:20 | [MW'] Tm0 · age_up imperial |
| 42:24 | kacperowski · age_up imperial |
| 56:47 | [MW'] Tm0 · resign |
[ AI ANALYSIS · 1 CREDIT ]
What really happened in this match?
Wolo.gg analyzes every decision: build order, eco, micro, common mistakes by bracket. Personalized analysis on WhatsApp or Discord in 30 seconds.
Civ guide
Jurchens
Map guide
Arabia
Perfil
kacperowski